[ AOE2 MATCH · #488052736 ]
UnrankedBurgundians vs Huns
Rival team · LOSS
[ REPLAY ANALYSIS · EXTRACTED FROM THE RECORDED GAME ]
Feudal
9:16
Castle
25:44
Imperial
—
| APM avg | 33.5 |
| APM peak | 67 |
| eAPM avg | 21.9 |
| Villagers / military | 51 / 0 |
Focus
⚔️ 29.3% · 🌾 70.7%
Feudal
8:30
Castle
—
Imperial
—
| APM avg | 30.8 |
| APM peak | 70 |
| eAPM avg | 15.7 |
| Villagers / military | 62 / 8 |
Focus
⚔️ 33.2% · 🌾 66.8%
Archer ×8
Match map
Initial resources + every placement click. Lines = walls · curves = elevation contours. ◆ gold · ⬟ stone · ● berries · ✦ relic · ◌ wall gap
Your base· ✓ Closed at 25:44 · 3t walls · 2 gate(s)
Sir_Piñeiro's base· ✓ Closed at 12:00 · 9t walls · 2 gate(s)
Smoothed initial terrain · ◌ = detected wall gap · hover for details
Inputs per minute
— PSX | King - - Sir_Piñeiro
Build order — PSX | King
107 actions detected in the replay
| 0:00 | Create | Villager (Male) |
| 0:00 | Create | Villager (Male) |
| 0:01 | Create | Villager (Male) |
| 0:02 | Build | House |
| 0:06 | Build | House |
| 0:12 | Create | Villager (Male) |
| 1:24 | Create | Villager (Male) |
| 1:50 | Build | Lumber Camp |
| 1:59 | Create | Villager (Male) |
| 1:59 | Create | Villager (Male) |
| 2:22 | Create | Villager (Male) |
| 2:54 | Create | Villager (Male) |
| 3:01 | Build | House |
| 3:23 | Create | Villager (Male) |
| 3:24 | Create | Villager (Male) |
| 4:00 | Create | Villager (Male) |
| 4:19 | Build | Mill |
| 4:37 | Create | Villager (Male) |
| 4:37 | Create | Villager (Male) |
| 4:38 | Create | Villager (Male) |
| 4:53 | Create | Villager (Male) |
| 5:12 | Create | Villager (Male) |
| 5:32 | Create | Villager (Male) |
| 5:36 | Research | Loom |
| 7:06 | Research | Feudal Age |
| 7:43 | Build | House |
| 7:56 | Build | Mining Camp |
| 8:06 | Create | Villager (Male) |
| 8:17 | Build | House |
| 8:52 | Build | Palisade Wall |
| 8:53 | Build | Palisade Wall |
| 9:08 | Create | Villager (Male) |
| 9:08 | Create | Villager (Male) |
| 9:16 | Age | Feudal Age |
| 9:36 | Build | Blacksmith |
| 9:44 | Build | Watch Tower |
| 9:46 | Create | Villager (Male) |
| 9:55 | Build | Watch Tower |
| 10:20 | Create | Villager (Male) |
| 10:49 | Create | Villager (Male) |
| 11:33 | Build | Watch Tower |
| 11:33 | Research | Fletching |
| 11:35 | Create | Villager (Male) |
| 11:49 | Build | House |
| 12:11 | Create | Villager (Male) |
| 12:33 | Create | Villager (Male) |
| 13:17 | Build | Palisade Wall |
| 13:20 | Create | Villager (Male) |
| 13:48 | Build | Farm |
| 13:48 | Build | Farm |
| 13:55 | Build | Watch Tower |
| 13:59 | Create | Villager (Male) |
| 14:01 | Build | Farm |
| 14:18 | Build | Farm |
| 14:22 | Create | Villager (Male) |
| 14:27 | Build | Mining Camp |
| 14:42 | Build | House |
| 14:45 | Build | House |
| 14:47 | Create | Villager (Male) |
| 15:08 | Create | Villager (Male) |
| 15:29 | Build | Watch Tower |
| 15:33 | Create | Villager (Male) |
| 16:01 | Build | House |
| 16:06 | Create | Villager (Male) |
| 16:08 | Build | Farm |
| 16:29 | Build | Farm |
| 16:34 | Create | Villager (Male) |
| 17:01 | Create | Villager (Male) |
| 17:16 | Build | Farm |
| 17:17 | Create | Villager (Male) |
| 17:36 | Create | Villager (Male) |
| 17:49 | Build | House |
| 17:51 | Create | Villager (Male) |
| 18:24 | Create | Villager (Male) |
| 18:25 | Create | Villager (Male) |
| 18:37 | Create | Villager (Male) |
| 18:54 | Create | Villager (Male) |
| 18:57 | Build | Outpost |
| 19:00 | Build | Farm |
| 19:18 | Build | House |
| 19:19 | Build | House |
| 19:21 | Create | Villager (Male) |
| 19:30 | Build | Watch Tower |
| 19:36 | Create | Villager (Male) |
| 19:41 | Build | Farm |
| 20:17 | Build | Farm |
| 20:34 | Create | Villager (Male) |
| 21:34 | Build | Market |
| 21:38 | Create | Villager (Male) |
| 21:48 | Build | Watch Tower |
| 21:51 | Create | Villager (Male) |
| 22:17 | Create | Villager (Male) |
| 22:51 | Build | Farm |
| 23:04 | Research | Castle Age |
| 23:45 | Create | Villager (Male) |
| 24:01 | Research | Double-Bit Axe |
| 24:07 | Create | Villager (Male) |
| 24:21 | Build | Farm |
| 24:22 | Build | Farm |
| 24:23 | Build | Farm |
| 24:25 | Build | Farm |
| 25:14 | Build | Watch Tower |
| 25:22 | Build | Farm |
| 25:26 | Research | Bow Saw |
| 25:26 | Research | Horse Collar |
| 25:44 | Age | Castle Age |
| 25:45 | Research | Bodkin Arrow |
Build order — Sir_Piñeiro
102 actions detected in the replay
| 0:01 | Create | Villager (Male) |
| 0:01 | Create | Villager (Male) |
| 0:01 | Create | Villager (Male) |
| 0:01 | Create | Villager (Male) |
| 1:26 | Create | Villager (Male) |
| 1:27 | Create | Villager (Male) |
| 1:45 | Build | Lumber Camp |
| 1:54 | Create | Villager (Male) |
| 1:54 | Create | Villager (Male) |
| 2:11 | Create | Villager (Male) |
| 2:49 | Create | Villager (Male) |
| 2:49 | Create | Villager (Male) |
| 3:38 | Create | Villager (Male) |
| 4:04 | Create | Villager (Male) |
| 4:05 | Create | Villager (Male) |
| 4:25 | Create | Villager (Male) |
| 4:25 | Create | Villager (Male) |
| 4:25 | Create | Villager (Male) |
| 4:41 | Build | Mill |
| 5:13 | Research | Loom |
| 6:20 | Research | Feudal Age |
| 6:33 | Build | Mining Camp |
| 6:48 | Create | Villager (Male) |
| 6:48 | Create | Villager (Male) |
| 8:30 | Age | Feudal Age |
| 8:33 | Research | Double-Bit Axe |
| 8:59 | Create | Villager (Male) |
| 8:59 | Create | Villager (Male) |
| 9:00 | Create | Villager (Male) |
| 9:13 | Create | Villager (Male) |
| 9:22 | Build | Watch Tower |
| 9:32 | Create | Villager (Male) |
| 10:26 | Build | Blacksmith |
| 10:31 | Build | Stone Wall |
| 10:51 | Create | Villager (Male) |
| 10:58 | Build | Watch Tower |
| 11:19 | Create | Villager (Male) |
| 11:37 | Create | Villager (Male) |
| 11:43 | Build | Mining Camp |
| 12:04 | Build | Stone Wall |
| 12:05 | Build | Stone Wall |
| 12:13 | Research | Fletching |
| 12:24 | Create | Villager (Male) |
| 12:25 | Create | Villager (Male) |
| 12:36 | Build | Watch Tower |
| 12:44 | Create | Villager (Male) |
| 13:19 | Create | Villager (Male) |
| 13:19 | Create | Villager (Male) |
| 13:19 | Create | Villager (Male) |
| 13:47 | Build | Palisade Gate |
| 14:18 | Create | Villager (Male) |
| 14:34 | Build | Watch Tower |
| 15:17 | Create | Villager (Male) |
| 15:42 | Create | Villager (Male) |
| 15:50 | Build | Farm |
| 16:13 | Create | Villager (Male) |
| 16:13 | Create | Villager (Male) |
| 16:35 | Build | Barracks |
| 16:45 | Build | Farm |
| 17:07 | Create | Villager (Male) |
| 17:07 | Create | Villager (Male) |
| 17:29 | Build | Farm |
| 17:33 | Build | Farm |
| 17:37 | Build | Farm |
| 17:50 | Create | Villager (Male) |
| 17:51 | Create | Villager (Male) |
| 17:51 | Create | Villager (Male) |
| 18:29 | Build | Watch Tower |
| 18:35 | Create | Villager (Male) |
| 18:57 | Create | Villager (Male) |
| 19:04 | Build | Archery Range |
| 19:16 | Create | Villager (Male) |
| 19:41 | Create | Villager (Male) |
| 19:41 | Create | Villager (Male) |
| 19:55 | Build | Watch Tower |
| 19:59 | Create | Villager (Male) |
| 20:09 | Create | Archer |
| 20:09 | Create | Archer |
| 20:12 | Create | Villager (Male) |
| 20:43 | Create | Villager (Male) |
| 20:44 | Create | Villager (Male) |
| 20:44 | Create | Villager (Male) |
| 21:05 | Create | Villager (Male) |
| 21:11 | Build | Watch Tower |
| 21:22 | Create | Archer |
| 21:23 | Create | Archer |
| 21:27 | Create | Villager (Male) |
| 21:36 | Create | Villager (Male) |
| 21:40 | Build | Market |
| 21:45 | Create | Archer |
| 22:20 | Create | Archer |
| 22:40 | Create | Villager (Male) |
| 23:09 | Create | Archer |
| 23:17 | Build | Farm |
| 23:21 | Create | Villager (Male) |
| 23:33 | Create | Villager (Male) |
| 24:08 | Build | Mining Camp |
| 24:12 | Create | Villager (Male) |
| 24:33 | Build | Watch Tower |
| 24:43 | Create | Villager (Male) |
| 24:54 | Create | Archer |
| 25:13 | Create | Villager (Male) |
Match timeline
| 8:30 | Sir_Piñeiro · age_up feudal |
| 8:52 | PSX | King · wall_segment Palisade Wall x1 |
| 8:53 | PSX | King · wall_segment Palisade Wall x1 |
| 9:16 | PSX | King · age_up feudal |
| 10:31 | Sir_Piñeiro · wall_segment Stone Wall x9 |
| 12:04 | Sir_Piñeiro · wall_segment Stone Wall x1 |
| 12:05 | Sir_Piñeiro · wall_segment Stone Wall x1 |
| 13:17 | PSX | King · wall_segment Palisade Wall x1 |
| 16:35 | Sir_Piñeiro · first_building Barracks |
| 19:04 | Sir_Piñeiro · first_building Archery Range |
| 22:56 | PSX | King · first_market_buy 100 food |
| 22:59 | PSX | King · first_market_sell 100 wood |
| 23:40 | Sir_Piñeiro · first_market_buy 100 food |
| 24:51 | Sir_Piñeiro · first_market_sell 100 wood |
| 25:44 | PSX | King · age_up castle |
| 26:05 | Sir_Piñeiro · resign |
[ AI ANALYSIS · 1 CREDIT ]
What really happened in this match?
Wolo.gg analyzes every decision: build order, eco, micro, common mistakes by bracket. Personalized analysis on WhatsApp or Discord in 30 seconds.
Civ guide
Burgundians
Perfil
Jugador #9733677